 Dungeon Crawl Stone Soup version 0.23.2-33-g5129a83184 (webtiles) character file.

Game seed: 2183293478226219714

13468 t4s4d4r the Zephyrmancer (level 12, -5/122 (123) HPs)
             Began as an Ogre Air Elementalist on July 8, 2019.
             Was a Believer of Ashenzari.
             Hit by a large rock thrown by a cyclops (44 damage)
             ... on level 12 of the Dungeon.
             The game lasted 00:47:51 (21732 turns).

t4s4d4r the Zephyrmancer (Ogre Air Elementalist)   Turns: 21732, Time: 00:47:52

HP:   -5/122 (123)  AC:  4    Str: 15    XL:     12   Next: 6%
MP:   25/25         EV: 10    Int: 23    God:    Ashenzari [**....]
Gold: 155           SH:  0    Dex:  9    Spells: 14/29 levels left

rFire    . . .     SeeInvis .   b - +7 short sword (freeze)
rCold    . . .     Gourm    .   (no shield)
rNeg     . . .     Faith    .   h - +0 robe
rPois    .         Spirit   .   (helmet restricted)
rElec    .         Reflect  .   i - +0 cloak
rCorr    .         Harm     .   (gloves unavailable)
MR       +....                  (boots unavailable)
Stlth    ++........             (no amulet)
HPRegen  0.30/turn              l - +3 ring of intelligence (curse)
MPRegen  0.19/turn              v - ring of wizardry (curse)

@: no status effects
A: large, unfitting armour, tough skin 1
a: Curse Item, Scrying, Renounce Religion


You were on level 12 of the Dungeon.
You worshipped Ashenzari.
Ashenzari was pleased with you.
You were not hungry.

You visited 2 branches of the dungeon, and saw 13 of its levels.

You collected 506 gold pieces.
You spent 351 gold pieces at shops.

Inventory:

Hand Weapons
 a - a +0 quarterstaff
 b - a +7 short sword of freezing (weapon)
Missiles
 f - 217 stones (quivered)
 g - 6 throwing nets
Armour
 h - a +0 robe (worn)
 i - a +0 cloak (worn)
Jewellery
 l - a cursed +3 ring of intelligence (left hand)
 r - an uncursed ring of wizardry
 v - a cursed ring of wizardry (right hand)
Wands
 e - a wand of flame (25)
 q - a wand of paralysis (2)
 z - a wand of disintegration (27)
Scrolls
 n - 3 scrolls of fog
 s - 5 scrolls of teleportation
 u - 3 scrolls of immolation
 B - 2 scrolls of magic mapping
 E - a scroll of summoning {unknown}
Potions
 d - 3 potions of curing
 j - a potion of flight
 k - a potion of invisibility
 m - 2 potions of might
 o - a potion of cancellation
 w - a potion of berserk rage
 x - a potion of mutation
 C - a potion of agility
 D - a potion of magic
 F - a potion of heal wounds
Comestibles
 c - 14 rations


   Skills:
 + Level 9.3 Fighting
 - Level 1.7 Dodging
 - Level 3.3 Stealth
 - Level 5.3 Unarmed Combat
 + Level 9.0 Spellcasting
 * Level 8.5(10.0) Conjurations
 * Level 9.5(10.9) Air Magic
 - Level 3.7(5.0) Evocations


You had 14 spell levels left.
You knew the following spells:

 Your Spells              Type           Power        Failure   Level  Hunger
a - Shock                 Conj/Air       ####         1%          1    None
b - Swiftness             Chrm/Air       #####...     1%          2    None
c - Static Discharge      Conj/Air       ######..     1%          3    None
d - Airstrike             Air            ######....   1%          4    ##.....
e - Lightning Bolt        Conj/Air       ######....   1%          5    ####...

Your spell library contained the following spells:

 Spells                   Type           Power        Failure   Level  Hunger
 Sting                    Conj/Pois      ####         1%          1    None
 Poisonous Vapours        Pois/Air       #####.       1%          2    None
 Mephitic Cloud           Conj/Pois/Air  #####...     1%          3    None
 Venom Bolt               Conj/Pois      ####......   9%          5    ####...
 Olgreb's Toxic Radiance  Pois           ##......     24%         4    ##.....


Dungeon Overview and Level Annotations

Branches:
Dungeon (12/15)            Temple (1/1) D:5            Lair (0/6) D:8
    Orc (0/2) D:11

Altars:
Ashenzari
Cheibriados
Dithmenos
Elyvilon
Fedhas
Gozag
Hepliaklqana
Makhleb
Nemelex Xobeh
Okawaru
Qazlal
Ru
Sif Muna
Trog
Uskayaw
Wu Jian
Xom
Yredelemnul
Zin
The Shining One

Shops:
D:6 }   D:7 %

Annotations:
D:7 Harold
D:8 Maurice


Innate Abilities, Weirdness & Mutations

You are too large for most types of armour.
You have tough skin. (AC +1)


Message History

You sense a monster nearby.
You start resting.
A cyclops comes into view.
You start resting.
The cyclops is too close now for your liking.
You start resting.
Magic restored.
You start resting.
HP restored.
An ogre comes into view. It is wielding a +0 giant club.
The ogre shouts!
The cyclops shouts!
The cyclops throws a large rock.
The large rock hits you!
The cyclops throws a large rock.
The large rock hits you!!
You see here 2 large rocks.
The cyclops throws a large rock.
The large rock hits you!!!
There is a stone staircase leading up, spattered with blood here.
You see here a large rock.
The cyclops throws a large rock.
The large rock hits you!!!
You die...

, * ##...........
##............. ***
#......[.......
#..............
##..............
##.....C......... ,
................. ,
, #.....@^....... ,
*,
*..###....(........
*** ,
...........#......
*
...##...##.#C.####
*###....#.## *
###..C.## * *
#.......#
##.###.#..##..# ,
#...)..#.##*#..# **


You could see 2 cyclopes.

Vanquished Creatures
  3 two-headed ogres
  A centaur zombie (D:12)
  A manticore (D:11)
  An ice statue (D:10)
  Joseph (D:9)
  A gargoyle (D:11)
  A redback zombie (D:11)
  A hornet (D:9)
  Prince Ribbit (D:6)
  2 hippogriffs
  14 yaks
  4 hungry ghosts
  2 soldier ants (D:9)
  Duvessa (D:7)
  10 orc warriors
  A porcupine (D:8)
  2 black bears (D:6)
  3 sky beasts
  A phantom (D:4)
  A necrophage (D:6)
  7 ogres
  A crocodile (D:8)
  5 centaurs
  A big kobold (D:11)
  6 bullfrogs
  A gnoll sergeant (D:10)
  Dowan (D:7)
  2 scorpions
  4 killer bees
  12 wights
  A howler monkey (D:9)
  3 electric eels (D:11)
  6 crimson imps
  2 bullfrog zombies (D:11)
  2 centaur skeletons
  11 orc priests
  14 orc wizards
  4 hounds
  3 jellies
  3 bullfrog skeletons
  2 iguanas (D:6)
  4 worker ants
  A hound skeleton (D:5)
  4 gnolls (D:10)
  12 adders
  A shadow imp (D:6)
  3 oozes
  2 adder skeletons
  3 worms
  A dart slug (D:2)
  10 leopard geckos
  69 orcs
  3 ball pythons
  8 bats
  8 giant cockroaches
  6 hobgoblins
  8 jackals
  12 kobolds
  7 quokkas
  7 frilled lizards
  7 goblins
  A quokka skeleton (D:7)
  A quokka zombie (D:8)
  4 rats
  A fungus (D:8)
326 creatures vanquished.

Vanquished Creatures (others)
  2 fungi (D:8)
  4 plants
6 creatures vanquished.

Grand Total: 332 creatures vanquished

Notes
Turn   | Place    | Note
-------+----------+-------------------------------------------
     0 | D:1      | t4s4d4r the Ogre Air Elementalist began the quest for the
                  | Orb.
     0 | D:1      | Reached XP level 1. HP: 16/16 MP: 3/3
   499 | D:1      | Reached XP level 2. HP: 23/24 MP: 1/6
   684 | D:1      | You fall through a shaft!
   973 | D:2      | Reached XP level 3. HP: 31/31 MP: 4/8
  1137 | D:2      | Learned a level 2 spell: Swiftness
  1141 | D:2      | Learned a level 3 spell: Static Discharge
  1738 | D:2      | Reached skill level 1 in Conjurations
  1976 | D:3      | Reached XP level 4. HP: 35/39 MP: 7/10
  2403 | D:3      | Reached skill level 1 in Fighting
  2635 | D:3      | Reached XP level 5. HP: 40/49 MP: 4/12
  2700 | D:3      | Learned a level 4 spell: Airstrike
  3330 | D:3      | Reached skill level 5 in Spellcasting
  3394 | D:3      | Found a white marble altar of Elyvilon.
  3406 | D:3      | Found a hazy altar of Hepliaklqana.
  3648 | D:4      | Reached XP level 6. HP: 54/61 MP: 13/13
  3788 | D:4      | Found a sparkling altar of Nemelex Xobeh.
  4066 | D:4      | Learned a level 5 spell: Lightning Bolt
  4273 | D:4      | Noticed a phantom
  4299 | D:4      | Killed a phantom
  4494 | D:4      | Reached XP level 7. HP: 68/68 MP: 3/15
  5523 | D:5      | Entered Level 5 of the Dungeon
  6199 | D:5      | Reached skill level 5 in Air Magic
  6246 | D:5      | Found a staircase to the Ecumenical Temple.
  6265 | Temple   | Entered the Ecumenical Temple
  6340 | Temple   | Became a worshipper of Ashenzari the Shackled
  6688 | D:5      | Reached XP level 8. HP: 48/79 MP: 6/17
  7114 | D:6      | Reached skill level 5 in Fighting
  7532 | D:6      | Noticed Prince Ribbit
  7585 | D:6      | Killed Prince Ribbit
  7708 | D:6      | Found Keixoowk's Gadget Boutique.
  7714 | D:6      | Bought a wand of scattershot (5) for 351 gold pieces
  7733 | D:6      | Reached skill level 1 in Evocations
  8037 | D:6      | Reached XP level 9. HP: 39/87 MP: 9/18
  8270 | D:7      | Noticed Dowan
  8842 | D:7      | Noticed Duvessa
  8851 | D:7      | Killed Duvessa
  9067 | D:7      | Noticed Harold
  9150 | D:6      | Reached skill level 5 in Conjurations
 10011 | D:7      | Killed Dowan
 10680 | D:7      | Found Hivast's Food Emporium.
 11082 | D:8      | Reached XP level 10. HP: 79/99 MP: 10/21
 11469 | D:8      | Noticed a two-headed ogre
 11484 | D:8      | Killed a two-headed ogre
 11710 | D:8      | Found a staircase to the Lair.
 11868 | D:8      | Reached * piety under Ashenzari
 12106 | D:8      | Noticed Maurice
 13489 | D:9      | Noticed Joseph
 13520 | D:9      | Reached skill level 1 in Unarmed Combat
 13522 | D:9      | Killed Joseph
 14345 | D:9      | Noticed a two-headed ogre
 14346 | D:9      | Found a shimmering altar of Xom.
 14353 | D:9      | Killed a two-headed ogre
 14353 | D:9      | Reached XP level 11. HP: 71/112 MP: 9/23
 14509 | D:9      | Found an iron altar of Okawaru.
 15982 | D:10     | Entered Level 10 of the Dungeon
 17299 | D:10     | Noticed a two-headed ogre
 17323 | D:10     | Killed a two-headed ogre
 17585 | D:11     | Noticed a manticore
 17692 | D:11     | Killed a manticore
 20479 | D:11     | Reached skill level 5 in Unarmed Combat
 21193 | D:11     | Reached XP level 12. HP: 115/122 MP: 14/24
 21378 | D:11     | Found a staircase to the Orcish Mines.
 21557 | D:12     | Reached ** piety under Ashenzari
 21732 | D:12     | Hit by a large rock thrown by a cyclops

Skill      XL: |  1  2  3  4  5  6  7  8  9 10 11 12 |
---------------+-------------------------------------+-----
Spellcasting   | 3 4 5 6 7 8 9 |  9.0
Air Magic      | 3 4 5 6 7 8 9 |  9.5
Conjurations   | 1 3 4 6 7 8 |  8.5
Fighting       | 2 3 4 5 6 8 9 |  9.3
Evocations     | 2 3 |  3.7
Unarmed Combat | 3 5 |  5.3
Stealth        | 3 |  3.3
Dodging        | |  1.7

Action                   |  1- 3 |  4- 6 |  7- 9 | 10-12 || total
-------------------------+-------+-------+-------+-------++-------
Melee: Unarmed           |     3 |       |       |       ||     3
       Short sword       |    11 |       |    34 |   167 ||   212
       Dagger            |     1 |       |    57 |       ||    58
       Quarterstaff      |     3 |    62 |   113 |       ||   178
       Punch             |       |       |       |     4 ||     4
 Cast: Shock             |    87 |    93 |   165 |   201 ||   546
       Static Discharge  |       |     7 |    35 |    30 ||    72
       Lightning Bolt    |       |       |     7 |    30 ||    37
       Airstrike         |       |       |     1 |    55 ||    56
       Swiftness         |       |       |     2 |     4 ||     6
Invok: Curse Item        |       |       |     1 |     1 ||     2
  Use: Scroll            |     3 |       |     6 |    10 ||    19
 Stab: Sleeping          |       |     2 |     3 |       ||     5
  Eat: Chunk             |     3 |     8 |    15 |    21 ||    47
       Ration            |       |       |     2 |     8 ||    10
Armor: Robe              |    16 |    21 |    48 |    35 ||   120
Dodge: Dodged            |    43 |    60 |   184 |   163 ||   450
